 Dungeon Sprint DCSS version 0.21-a0-434-g806c6c2 (webtiles) character file.

5210 theanonym the Warrior (level 10, -6/112 HPs)
             Began as a Minotaur Fighter on Nov 8, 2017.
             Was a High Priest of Makhleb.
             Mangled by a 12-headed hydra (12 damage)
             ... while paralysed by a floating eye
             ... in the Dungeon (Sprint I: "Red Sonja").
             The game lasted 00:07:48 (2040 turns).

theanonym the Warrior (Minotaur Fighter)            Turns: 2040, Time: 00:07:49

Health: -6/112     AC: 13    Str: 25    XL:     10   Next: 35%
Magic:  9/9        EV:  2    Int:  5    God:    Makhleb [*****.]
Gold:   762        SH:  0    Dex:  9    Spells: 9/9 levels left

rFire    . . .     SeeInvis .   a - +1 trident
rCold    . . .     Gourm    .   c - +0 shield
rNeg     . . .     Faith    .   e - +0 chain mail
rPois    .         Spirit   .   (helmet restricted)
rElec    .         Reflect  .   (no cloak)
rCorr    .         Harm     .   g - +0 pair of gloves
MR       .....     NoTele   +   (no boots)
Stlth    ..........             (no amulet)
HPRegen  0.28/turn              (no ring)
MPRegen  0.11/turn              (no ring)

@: paralysed
A: retaliatory headbutt, horns 2
a: Minor Destruction, Lesser Servant of Makhleb, Major Destruction, Greater
Servant of Makhleb, Renounce Religion


Innate Abilities, Weirdness & Mutations

You reflexively headbutt those who attack you in melee.
You have a pair of horns on your head.


   Skills:
 + Level 17.9 Fighting
 - Level 14.4 Polearms
 - Level 10.0 Armour
 + Level 7.9 Dodging
 + Level 12.3 Shields


You had 9 spell levels left.
You didn't know any spells.

Skill      XL: |  1  2  3  4  5  6  7  8  9 10 |
---------------+-------------------------------+-----
Fighting       | 6 8 11 12 14 16 17 | 17.9
Polearms       | 5 8 10 12 14 | 14.4
Armour         | 7 9 10 | 10.0
Shields        | 7 11 12 | 12.3
Dodging        | 6 7 |  7.9

Action                   |  1- 3 |  4- 6 |  7- 9 | 10-12 || total
-------------------------+-------+-------+-------+-------++-------
Melee: Trident           |    11 |    15 |   108 |    43 ||   177
       Headbutt          |     2 |     2 |    26 |    11 ||    41
  Use: Potion            |       |     2 |     3 |       ||     5
       Scroll            |       |       |     2 |       ||     2
  Eat: Bread ration      |       |       |     1 |       ||     1
Armor: Scale mail        |     3 |       |    20 |       ||    23
       Chain mail        |       |       |     3 |    21 ||    24
Dodge: Dodged            |     2 |     2 |    31 |    11 ||    46
Block: Shield            |     4 |     3 |    43 |     7 ||    57

Inventory:

Hand Weapons
 a - a +1 trident (weapon)
Missiles
 d - a curare-tipped needle
Armour
 c - a +0 shield (worn)
 e - a +0 chain mail (worn)
   (You bought it in a shop in the Dungeon)
 g - a +0 pair of gloves (worn)
   (You bought it in a shop in the Dungeon)
Wands
 j - a wand of disintegration (8/24)
   (You found it in the Dungeon)
Scrolls
 b - 3 scrolls of blinking
Potions
 h - 2 potions of curing
 i - 2 potions of magic
Comestibles
 f - 10 chunks of flesh

Dungeon Overview and Level Annotations

Branches:
Dungeon (1/1)

Altars:
Cheibriados
Dithmenos
Elyvilon
Fedhas
Gozag
Hepliaklqana
Kikubaaqudgha
Makhleb
Nemelex Xobeh
Okawaru
Qazlal
Ru
Sif Muna
Trog
Uskayaw
Vehumet
Wu Jian
Xom
Yredelemnul
Zin
The Shining One
Jiyva
Lugonu

Shops:
D %[

Annotations:
D Sonja You were in the Dungeon. You worshipped Makhleb. Makhleb was extremely pleased with you. You were not hungry. You visited 1 branch You collected 860 gold pieces. You spent 98 gold pieces at shops.


Message History

Your Shields skill increases to level 12!
Health restored: 112 You barely miss the hog.
You block the hog's attack.
You closely miss the hog. You puncture the hog! The hog barely misses you.
You furiously retaliate!
You headbutt the hog! You barely miss the hog. Your headbutt misses the hog.
The hog misses you.
You puncture the hog!
You kill the hog!
Makhleb accepts your kill.
You hit the hog but do no damage. The hog closely misses you.
Your shield and chain mail prevent you from hitting the hog.
You headbutt the hog! You impale the hog!! The hog bites you.
You take 6 damage, and have 106/112 hp.
You hit the hog but do no damage. You headbutt the hog!
The hog bites you but does no damage.
Unknown command.
You puncture the hog!
You kill the hog!
Makhleb accepts your kill.
You feel better.
Health restored: 112 You hit the hog.
You closely miss the hog. The hog bites you.
You take 6 damage, and have 106/112 hp.
You barely miss the hog. You headbutt the hog, but do no damage.
The hog bites you but does no damage.
You puncture the hog! Your headbutt misses the hog. You block the hog's attack.
You impale the hog!!
You kill the hog!
Makhleb accepts your kill.
No target in view!
No target in view!
No target in view!
No target in view!
There is an open door, spattered with blood here.
Items here: †††††† You butcher the hog corpse.
f - a chunk of flesh You butcher the hog corpse.
f - 4 chunks of flesh (gained 3)
You butcher the hog corpse.
f - 6 chunks of flesh (gained 2)
You butcher the hog corpse.
f - 7 chunks of flesh (gained 1)
You butcher the hog corpse.
f - 9 chunks of flesh (gained 2)
You butcher the hog corpse.
f - 10 chunks of flesh (gained 1)
There is an open door, spattered with blood here.
You see here a hog skeleton.
There is an open door, spattered with blood here.
You see here a hog skeleton.
Health restored: 112 As you open the door, it creaks loudly!
A hydra and a floating eye come into view.
The 12-headed hydra roars!
The floating eye turns its gaze towards you.
The floating eye's view fixates on you.
Found 54 gold pieces.
You barely miss the 12-headed hydra. You headbutt the 12-headed hydra.
The floating eye gazes piercingly through you!
You suddenly lose the ability to move!
The 12-headed hydra bites you but does no damage.
The 12-headed hydra bites you! x3; The 12-headed hydra bites you.
The 12-headed hydra bites you but does no damage.
The 12-headed hydra bites you!
The 12-headed hydra bites you but does no damage.
The 12-headed hydra bites you! The 12-headed hydra bites you.
The 12-headed hydra bites you!
* * * LOW HITPOINT WARNING * * *
The 12-headed hydra bites you but does no damage.
The 12-headed hydra bites you!
* * * LOW HITPOINT WARNING * * *
The 12-headed hydra bites you but does no damage.
The 12-headed hydra bites you.
* * * LOW HITPOINT WARNING * * *
The 12-headed hydra bites you but does no damage. x2
The 12-headed hydra bites you.
* * * LOW HITPOINT WARNING * * *
The 12-headed hydra barely misses you.
The 12-headed hydra bites you but does no damage.
The 12-headed hydra bites you!
* * * LOW HITPOINT WARNING * * *
The 12-headed hydra bites you but does no damage. x3
The floating eye pulsates ominously.
The floating eye's view fixates on you. The 12-headed hydra bites you!
* * * LOW HITPOINT WARNING * * *
The 12-headed hydra bites you!
* * * LOW HITPOINT WARNING * * *
The 12-headed hydra bites you but does no damage. x2
The 12-headed hydra barely misses you.
The 12-headed hydra bites you but does no damage. x4
The 12-headed hydra bites you.
* * * LOW HITPOINT WARNING * * *
The 12-headed hydra bites you but does no damage.
The 12-headed hydra bites you!
You die...

#####################************
..#[.#..§§§§§.§§@DG$#,,+,,,,*,,,,
.)##'#§####§§§§§##$.+,,*,,,,**,,,
..'..#§#,*##.§§##**##*+*,,,,,****
###§.§§#+*,###+#,,,**,,*,,,,,*,,,
,*#§####,,,*,*,**,,,*,,**,,,,*,∩,
,#.^.,,*,,,***,,***,*,,≈***+**,,,
,#..§.,+,,,,,**,*,*,*,,≈,,*,****+
+###§§§*,,,,,*,,***,*,,≈,**+*,,,,
,+,*§§§#**++**,**,,,*,,≈**,,,,,,,


You could see a 12-headed hydra and a floating eye.

Notes
Turn   | Place    | Note
-------+----------+-------------------------------------------
     0 | D        | theanonym the Minotaur Fighter began the quest for the Orb.
     0 | D        | Reached XP level 1. HP: 19/19 MP: 0/0
     2 | D        | Noticed Ijyb
     9 | D        | Killed Ijyb
     9 | D        | Reached skill level 6 in Fighting
     9 | D        | Reached skill level 5 in Polearms
     9 | D        | Reached XP level 2. HP: 27/30 MP: 1/1
    32 | D        | Noticed an ogre
    36 | D        | Killed an ogre
    36 | D        | Reached skill level 8 in Fighting
    36 | D        | Reached skill level 8 in Polearms
    36 | D        | Reached XP level 3. HP: 33/41 MP: 2/2
    36 | D        | Reached XP level 4. HP: 40/49 MP: 3/3
    95 | D        | Noticed Sigmund
   102 | D        | Killed Sigmund
   102 | D        | Reached skill level 11 in Fighting
   102 | D        | Reached skill level 10 in Polearms
   102 | D        | Reached XP level 5. HP: 53/60 MP: 4/4
   142 | D        | Found a burning altar of Makhleb.
   142 | D        | Found a viscous altar of Jiyva.
   142 | D        | Found a shimmering altar of Xom.
   142 | D        | Found a corrupted altar of Lugonu.
   142 | D        | Noticed a slime creature
   149 | D        | Killed a slime creature
   149 | D        | Reached skill level 12 in Fighting
   149 | D        | Reached skill level 12 in Polearms
   149 | D        | Reached XP level 6. HP: 66/71 MP: 5/5
   152 | D        | Became a worshipper of Makhleb the Destroyer
   177 | D        | Noticed a kobold demonologist
   177 | D        | Noticed a floating eye
   178 | D        | Noticed a kobold demonologist
   182 | D        | Killed a floating eye
   182 | D        | Reached XP level 7. HP: 78/78 MP: 6/6
   186 | D        | Killed a kobold demonologist
   186 | D        | Reached skill level 14 in Fighting
   186 | D        | Reached skill level 13 in Polearms
   186 | D        | Killed a gargoyle
   192 | D        | Killed a kobold demonologist
   192 | D        | Reached * piety under Makhleb
   192 | D        | Reached skill level 14 in Polearms
   192 | D        | Reached XP level 8. HP: 90/90 MP: 7/7
   197 | D        | Noticed a demonic crawler
   197 | D        | Noticed a demonic crawler
   197 | D        | Noticed a demonic crawler
   197 | D        | Noticed a demonic crawler
   204 | D        | Killed a demonic crawler
   204 | D        | Reached skill level 15 in Fighting
   204 | D        | Reached skill level 4 in Armour
   204 | D        | Reached skill level 4 in Shields
   212 | D        | Killed a demonic crawler
   212 | D        | Reached skill level 5 in Armour
   212 | D        | Reached skill level 5 in Shields
   216 | D        | HP: 43/92 [demonic crawler (10)]
   218 | D        | HP: 20/92 [demonic crawler (10)]
   218 | D        | HP: 9/92 [demonic crawler (4)]
   219 | D        | Killed a demonic crawler
   219 | D        | Reached ** piety under Makhleb
   219 | D        | Reached skill level 16 in Fighting
   219 | D        | Reached skill level 6 in Armour
   219 | D        | Reached skill level 6 in Shields
   521 | D        | Killed a demonic crawler
   521 | D        | Reached skill level 7 in Armour
   521 | D        | Reached skill level 7 in Shields
   521 | D        | Reached XP level 9. HP: 64/101 MP: 8/8
   678 | D        | Noticed a lindwurm
   683 | D        | Noticed a gargoyle
   699 | D        | HP: 44/101 [gargoyle/flail (10)]
   702 | D        | HP: 18/101 [gargoyle/flail (11)]
   707 | D        | Killed a gargoyle
   707 | D        | Reached skill level 2 in Dodging
   707 | D        | Reached skill level 8 in Shields
   909 | D        | Killed a deep elf master archer
  1028 | D        | Found an ornate altar of the Wu Jian Council.
  1028 | D        | Found a deep blue altar of Sif Muna.
  1030 | D        | Found a radiant altar of Vehumet.
  1036 | D        | Noticed a centaur warrior
  1036 | D        | Noticed a centaur warrior
  1043 | D        | Noticed Sonja
  1050 | D        | HP: 45/101 [Sonja/uncursed dagger of distortion (7)]
  1055 | D        | HP: 29/101 [poisoned by Sonja (curare-tipped needle)]
  1056 | D        | Found Xanack's Food Emporium.
  1056 | D        | Found an ancient bone altar of Kikubaaqudgha.
  1056 | D        | Found a stormy altar of Qazlal.
  1056 | D        | Found a blossoming altar of Fedhas.
  1056 | D        | Found a bloodstained altar of Trog.
  1056 | D        | Found an iron altar of Okawaru.
  1056 | D        | Found a glowing golden altar of the Shining One.
  1056 | D        | Found a glowing silver altar of Zin.
  1056 | D        | Found a white marble altar of Elyvilon.
  1061 | D        | HP: 20/151 [yak (12)]
  1063 | D        | Reached *** piety under Makhleb
  1063 | D        | Reached skill level 8 in Armour
  1408 | D        | Found a hazy altar of Hepliaklqana.
  1408 | D        | Found a hide-covered altar of Uskayaw.
  1408 | D        | Found a basalt altar of Yredelemnul.
  1408 | D        | Found a snail-covered altar of Cheibriados.
  1408 | D        | Found a sacrificial altar of Ru.
  1408 | D        | Found a shadowy altar of Dithmenos.
  1409 | D        | Found an opulent altar of Gozag.
  1410 | D        | Found a sparkling altar of Nemelex Xobeh.
  1457 | D        | Noticed a deep troll
  1463 | D        | Killed a deep troll
  1463 | D        | Reached skill level 17 in Fighting
  1463 | D        | Reached skill level 4 in Dodging
  1463 | D        | Reached skill level 9 in Shields
  1489 | D        | Found Yseriozu's Armour Emporium.
  1494 | D        | Bought a +0 chain mail for 49 gold pieces
  1494 | D        | Bought a +0 pair of gloves for 49 gold pieces
  1679 | D        | HP: 31/102 [lindwurm/blast of flame (29)]
  1680 | D        | Killed a lindwurm
  1680 | D        | Reached skill level 9 in Armour
  1680 | D        | Reached skill level 5 in Dodging
  1680 | D        | Reached skill level 10 in Shields
  1814 | D        | Killed the 27-headed Lernaean hydra
  1958 | D        | Reached **** piety under Makhleb
  1958 | D        | Reached skill level 11 in Shields
  1969 | D        | Reached skill level 6 in Dodging
  1969 | D        | Reached XP level 10. HP: 111/111 MP: 9/9
  1971 | D        | Reached skill level 10 in Armour
  1975 | D        | Reached ***** piety under Makhleb
  1984 | D        | Reached skill level 7 in Dodging
  1996 | D        | Reached skill level 12 in Shields
  2036 | D        | Noticed a 12-headed hydra
  2037 | D        | Paralysed by a floating eye for 4 turns
  2038 | D        | HP: 54/112 [12-headed hydra (9)]
  2040 | D        | HP: 20/112 [12-headed hydra (10)]
  2040 | D        | HP: 8/112 [12-headed hydra (12)]
  2040 | D        | Mangled by a 12-headed hydra

Vanquished Creatures
  A deep troll (D)
  A lindwurm (D)
  A gargoyle (D)
  2 kobold demonologists (D)
  4 demonic crawlers (D)
  A slime creature (D)
  Sigmund (D)
  A yak (D)
  13 hogs (D)
  A floating eye (D)
  An ogre (D)
  A jelly (D)
  Ijyb (D)
  A ballistomycete (D)
30 creatures vanquished.

Vanquished Creatures (others)
  the Lernaean hydra (D)
  A deep elf master archer (D)
  A gargoyle (D)
  2 ballistomycete spores (D)
5 creatures vanquished.

Grand Total: 35 creatures vanquished
